 Dungeon Crawl Stone Soup version 0.29.0-4-gdea44cf6ec (webtiles) character file.

Game seed: 2935348160964338941

43 qw the Chopper (level 3, -4/21 HPs)
             Began as a Tengu Warper on Aug 28, 2022.
             Slain by a gnoll
             ... wielding a +0 spear
              (7 damage)
             ... on level 2 of the Dungeon.
             The game lasted 00:00:06 (1756 turns).

qw the Chopper (Tengu Warper)                       Turns: 1756, Time: 00:00:07

Health: -4/21      AC:  9    Str: 13    XL:     3   Next: 58%
Magic:  7/7        EV:  6    Int: 13    God:
Gold:   88         SH:  0    Dex: 13    Spells: 6/6 levels left

rFire   . . .      SeeInvis .   Y - +0 hand axe
rCold   . . .      Faith    .   (no shield)
rNeg    . . .      Spirit   .   f - +0 chain mail
rPois   .          Reflect  .   (helmet restricted)
rElec   .          Harm     .   (no cloak)
rCorr   .          Rampage  .   m - +0 pair of gloves
Will    .....                   (boots unavailable)
Stlth   ..........              (no amulet)
HPRegen 0.07/turn               (no ring)
MPRegen 0.10/turn               (no ring)

@: no status effects
A: beak, talons 3
a: no special abilities


You were on level 2 of the Dungeon.
You visited 1 branch of the dungeon, and saw 2 of its levels.

You collected 88 gold pieces.


Innate Abilities, Weirdness & Mutations

You have a beak for a mouth.
You have claws for feet.


   Skills:
 - Level 2.0 Fighting
 + Level 4.2 Axes
 - Level 1.0 Throwing
 - Level 1.1 Armour
 - Level 2.1 Dodging
 - Level 2.0 Spellcasting
 - Level 2.4 Translocations


You had 6 spell levels left.
You didn't know any spells.
Your spell library contained the following spells:

 Spells                   Type           Power      Damage    Failure   Level
 Blink                    Tloc           14%        N/A       99%         2
 Gell's Gravitas          Tloc           7%         N/A       100%        3
 Lesser Beckoning         Tloc           7%         N/A       100%        3
 Teleport Other           Tloc           7%         N/A       100%        3
 Manifold Assault         Tloc           7%         N/A       100%        5

Inventory:

Hand Weapons
 a - a +0 flail
 Y - a +0 hand axe (weapon)
Armour
 f - a +0 chain mail (worn)
 m - a +0 pair of gloves (worn)
Potions
 e - a potion of brilliance {unknown}
 h - a potion of attraction {unknown}
 j - a potion of heal wounds {unknown}
 k - a potion of curing {unknown}

Dungeon Overview and Level Annotations

Branches:
Dungeon (2/15)

Altars:


Message History

1745 ||| DROPPING +0 club.
You drop a +0 club.
A gnoll comes into view. It is wielding a +0 spear.
The gnoll shouts!
A rat comes into view.
A gnoll and a dart slug come into view.
Found a scroll labelled UWAXKA PAEWUIKIAB.
The gnoll shouts!
A gnoll comes into view. It is wielding a +0 whip.
A gnoll comes into view. It is wielding a +0 spear.
Found a chain mail.
The gnoll shouts!
Found a ring mail.
The gnoll hits you with a +0 spear.
You hit the gnoll but do no damage. You peck the gnoll.
The gnoll is moderately wounded.
The gnoll hits you with a +0 spear. The gnoll hits you but does no damage.
You closely miss the gnoll. You claw the gnoll. You peck the gnoll.
The gnoll is almost dead.
You hit the rat.
You kill the rat!
The gnoll hits you from afar with a +0 spear.
The gnoll hits you with a +0 spear.
You hit the gnoll.
You kill the gnoll!
The gnoll throws a throwing net.
The throwing net closely misses you. The gnoll hits you but does no damage.
The gnoll hits you but does no damage. The gnoll barely misses you.
The gnoll hits you but does no damage.
You hit the gnoll.
The gnoll is lightly wounded.
You barely miss the gnoll. You hit the dart slug but do no damage.
The gnoll hits you from afar with a +0 spear.
The gnoll hits you but does no damage. x2
The dart slug bites you but does no damage.
You barely miss the gnoll.
The gnoll is lightly wounded.
You hit the dart slug. You hit the gnoll.
The gnoll hits you from afar with a +0 spear.
The gnoll hits you with a +0 spear!
You die...

?......######+#..
#.......##........
#.......#'[.......
#.......##<.......
.......##)###.#..
...#.(..###.# #####
#.#...........
......#>............
......g@............
.[....gw........####
.......g........#
##..............#
#......#.........
..........##+#####
.....[.....
............


You could see 3 gnolls and a dart slug.

Vanquished Creatures
  A gnoll (D:2)
  A dart slug (D:1)
  An orc (D:2)
  3 ball pythons (D:1)
  3 endoplasms (D:1)
  4 giant cockroaches (D:1)
  A goblin (D:1)
  4 hobgoblins (D:1)
  2 quokkas (D:1)
  A bat (D:1)
  A kobold (D:1)
  4 rats
26 creatures vanquished.

Notes
Turn   | Place    | Note
-------+----------+-------------------------------------------
     0 | D:1      | qw the Tengu Warper began the quest for the Orb.
     0 | D:1      | Reached XP level 1. HP: 12/12 MP: 4/4
     0 | D:1      | 0 ||| qw: Version: 0.1-a-89-g26bdef1
     0 | D:1      | 0 ||| qw: Game counter: 710
     0 | D:1      | 0 ||| qw: Always use a shield: true
     0 | D:1      | 0 ||| qw: God list: Okawaru
     0 | D:1      | 0 ||| qw: Allow faded altars: false
     0 | D:1      | 0 ||| qw: Do Orc after D:15 true
     0 | D:1      | 0 ||| qw: Do second Lair branch before Depths: true
     0 | D:1      | 0 ||| qw: Lair rune preference: random
     0 | D:1      | 0 ||| qw: Plans: Normal
     0 | D:1      | 0 ||| PLANNING D:1-11
    86 | D:1      | Reached XP level 2. HP: 12/17 MP: 6/6
   214 | D:1      | Reached skill level 3 in Axes
   791 | D:1      | 791 ||| Stepping ~*~*~tactically~*~*~ (stealth).
   793 | D:1      | 793 ||| Stepping ~*~*~tactically~*~*~ (stealth).
   798 | D:1      | Reached XP level 3. HP: 21/21 MP: 7/7
   799 | D:1      | 799 ||| Stepping ~*~*~tactically~*~*~ (stealth).
  1250 | D:1      | 1250 ||| UPGRADING to +0 chain mail.
  1260 | D:1      | 1260 ||| DROPPING +0 leather armour.
  1261 | D:1      | 1261 ||| UPGRADING to +0 pair of gloves.
  1266 | D:1      | 1266 ||| READING scroll labelled BOL YWUSISOB.
  1267 | D:1      | 1267 ||| READING scroll labelled KUMOM TOPA.
  1268 | D:1      | 1268 ||| READING scroll labelled JOAFOL DAEB.
  1269 | D:1      | 1269 ||| DROPPING scroll of blinking.
  1270 | D:1      | 1270 ||| Stepping randomly (stuck).
  1271 | D:1      | 1271 ||| Stepping ~*~*~tactically~*~*~ (cloud).
  1276 | D:1      | HP: 5/21 [poisoned by you (poison gas)]
  1279 | D:1      | HP: 2/21 [poisoned by you (poison gas)]
  1577 | D:2      | Reached skill level 4 in Axes
  1577 | D:2      | 1577 ||| STAIRDANCE
  1745 | D:2      | 1745 ||| DROPPING +0 club.
  1752 | D:2      | HP: 5/21 [gnoll/+0 spear (5)]
  1756 | D:2      | Slain by a gnoll

Levels and vault maps discovered:
D:1:      ncdulo_lavacross, layout_basic, minmay_fountain_box,
          minmay_pentomino_u2
D:2:      layout_basic, minmay_misc_feat_plants

Skill      XL: |  1  2  3 |
---------------+----------+-----
Axes           | 3 4 |  4.2
Fighting       | |  2.0
Throwing       | |  1.0
Armour         | |  1.1
Dodging        | |  2.1
Spellcasting   | |  2.0
Translocations | |  2.4

Action                   || total
-------------------------++-------
Melee: Hand axe          ||    54
       Kick              ||    12
       Peck              ||    12
Throw: Boomerang         ||     7
  Use: Scroll            ||     3
Armor: Leather armour    ||     9
       Chain mail        ||     9
Dodge: Dodged            ||    16

Table legend:
 A = Non-vault XP
 B = Vault XP
 C = Vault XP percentage of total XP
 D = Non-vault monster count
 E = Vault monster count
 F = Vault count percentage of total count
                 A         B        C        D         E       F
            +---------+---------+-------+---------+---------+-------
      Total |      59 |       3 |   4.8 |      24 |       2 |   7.7
            +---------+---------+-------+---------+---------+-------
        D:1 |      40 |       3 |   7.0 |      21 |       2 |   8.7
        D:2 |      19 |       0 |   0.0 |       3 |       0 |   0.0
            +---------+---------+-------+---------+---------+-------
